Description

In an attempt to make Proxy Hatcheries work versus Protoss I played roughly 100 ZvP Games going Proxy Hatch every single Game. I discovered that Proxy Hatcheries work against every Protoss Opener.

Who Am I

As of writing this Guide I am Rank 100 on the European Grandmaster Ladder. I wrote many popular (albeit unorthodox) Zerg Guides on this Site.

Goal of the Build

This Build aims to get an economic advantage through an uncommon ZvP Opener. It is possible to end the game right away with this build. However, I suggest that you go for a more economic follow up and try to win the Game after an early advantage.

The Concept

The Build Opens with a 17 Supply Hatchery at the Protoss Natural. The follow up then depends on the Protoss reaction. In General we follow it up with another Hatchery on our site of the map then Gas Pool Hatch into a macro game.

The Opener looks something like this:

  1. Proxy Hatch
  2. Hatch at Natural (or 3rd if blocked)
  3. Gas
  4. Pool
  5. Hatch at 3rd
  6. Ling Speed (leave 1 Drone in Gas)
  7. Transition into Standard Ling Bane Hydra / Ling Hydra Lurker / Roach Ravager (Hydra) Style

For more details watch the Video linked or Read the Analysis.

VOD

https://www.youtube.com/watch?v=MVB6kMAeKUk

Replay - Ninja v Railgan - Para Site LE

Build Order

Get SALT Encoding   

  12  0:01  Drone  
  13  0:14  Overlord  
  13  0:19  Drone  
  14  0:33  Drone x3  
  17  0:56  Hatchery  
  16  0:57  Drone  
  17  1:05  Drone  
  18  1:22  Hatchery  
  18  1:24  Extractor  
  16  1:25  Spawning Pool  
  16  1:27  Drone x3  
  19  1:52  Overlord  
  20  2:16  Hatchery, Queen  
  20  2:19  Zergling x2  
  22  2:24  Zergling x2  
  22  2:29  Metabolic Boost  
  23  2:38  Queen  
  23  2:42  Zergling x2  
  30  3:07  Zergling x2  
  30  3:11  Spore Crawler  
  31  3:20  Zergling x2  
  31  3:26  Overlord  
  38  3:36  Queen  
  41  3:43  Overlord  
  47  4:15  Overlord  
  50  4:22  Lair  
  56  4:32  Queen  
  56  4:33  Extractor  
  60  4:42  Roach Warren  
  61  4:47  Spore Crawler x3  
  61  4:53  Extractor  
  61  4:57  Evolution Chamber  
  65  5:08  Extractor  
  68  5:28  Hydralisk Den  
  70  5:30  Glial Reconstitution  
  70  5:31  Extractor  
  74  5:42  Zergling x4  
  77  5:43  Extractor  
  77  5:47  Zerg Missile Weapons Level 1  
  77  5:48  Roach x4  
  85  6:08  Hatchery  
  84  6:16  Roach x6  
  84  6:18  Grooved Spines  
  96  6:33  Spine Crawler  
  105  7:13  Hydralisk x6  
  121  7:23  Hydralisk  
  121  7:24  Lurker Den  
  121  7:28  Queen  
  121  7:29  Muscular Augments  
  126  7:31  Hydralisk x2  
  130  7:41  Hydralisk  
  134  7:45  Zerg Missile Weapons Level 2  
  160  8:40  Extractor x2  
  163  9:03  Hatchery  
  178  9:12  Zergling x6  
  185  9:22  Spine Crawler  
Spawning Tool Build Advisor. Get it on Overwolf

Analysis

Reactions to Protoss Reaction:

Protoss pulls 6+ Probes to kill the Hatchery

Immediatly try to Expand to your Natural or 3rd Base (or both). This will severly delay the Protoss Cybercore and Expansion. For every Minute that he does this he will lose about 500 Minerals. This is the best possible reaction for us. It will give us a huge lead!

As soon as the Hatchery goes low hp cancel it and build an evolution chamber (you have about 1 Second to do this before the creep recedes) if you do this correctly you will buy even more time! Cancel the Evolution Chamber when it goes low.

Protoss lets the Hatchery go up

The Second best Reaction. If you see now reaction immediately take 1 Gas at home and throw down a Pool into Roach Warren. Take your Natural as soon as you can as well.

When your Proxy is finished try to get out a Queen and start 6 Lings at the Proxy Hatchery once the Queen is about 60% done. If possible get a Creep Tumor down in your Opponents Natural. If you can do that the Game is already pretty much as over as it will take your Opponent forever to Expand.

Then begin building Roaches as long as it seems cost effective before transitioning into Macro Play with a huge lead.

The Opponent is Cannon Rushing

This sucks. You want to put the Proxy in your opponents Main Base instead. Try to make him waste money or if possible get some Roaches into his Main from your Proxy.

At home you want to take both Gasses and aim for a fast Lair. You should not Expand as he will most likely Cannon Rush your Expansion and take it down very easily.

From then on you play it as if it is a normal Protoss Cannon Rush --> Nydus his Main with Roaches / Swarmhost Rush

He blocked the Proxy

Tough Luck :( Try to buy time with the Drone and play a normal game.

Go to:

Details

  • Created by: railgan      
  • Published on: Nov 11, 2018
  • Modified on: Nov 11, 2018
  • Patch: 4.0.0
Show
View Real Time Build Order
Export as new Build Order

Comments (4)

On July 10, 2021, 2:48 p.m., IIEleven11  said:

Uh what, just because youre not efficient or good enough to get those things out on time doesnt mean its a poor build. It just means you simple are not doing it correctly and or play poorly. Theres quite literally a video that goes with it where you can see him doing those things.

On March 15, 2021, 3:36 p.m., Furor  said:

This build asks you to do build certain things when there is no possible way to have that much minerals. Poorly written strategy.

On Jan. 13, 2019, 7:43 p.m., swagit123  said:

@Bullfrog1994 You want to focus on supply until about 36-40 supply. As an example my current build in zvp looks like this:
13 overlord
16 hatch
18 gas
17 pool
20 overlord
20 2 queens and 2 pairs of lings
26 speed, pull 2 off gas
30 hatch
29 queen
31 overlord
after that react based on timings. For example:
If stargate -> spores 3:30
4:30 RW and 2 gasses
@100 gas lair
and so on.
Basically, anything that is a reaction is timing based and anything that is just part of your opening into every game is supply based.

On Dec. 23, 2018, 10:36 a.m., Bullfrog1994  said:

Hello! I'm just getting into the more competitive side of StarCraft. I was wondering with the build orders of this, is it better to focus on a supply centered build order or time based? I guess that isn't specific to this one, but would appreciate any advice as well!

Create an account to comment!